 Dungeon Crawl Stone Soup version 0.30.1-4-g462c640d31 (webtiles) character file.

Game seed: 15049814756000658587

8 ManwhosaysNo the Slasher (level 2, 0/24 HPs)
             Began as a Human Cinder Acolyte on Aug 30, 2023.
             Was a High Priest of Ignis.
             Slain by a gnoll
             ... wielding a +0 spear
              (8 damage)
             ... on level 1 of the Dungeon on Aug 31, 2023.
             The game lasted 00:01:40 (77 turns).

ManwhosaysNo the Slasher (Human Cinder Acolyte)       Turns: 77, Time: 00:01:41

Health: 0/24       AC:  2    Str: 14    XL:     2   Next: 15%
Magic:  3/3        EV: 11    Int: 14    God:    Ignis [*****.]
Gold:   17         SH:  0    Dex:  8    Spells: 3/3 levels left

rFire   + . .        d - +2 dagger (elec)
rCold   . . .        (no shield)
rNeg    . . .        b - +0 robe
rPois   .            (no helmet)
rElec   .            (no cloak)
rCorr   .            (no gloves)
SInv    .            (no boots)
Will    .....        (no amulet)
Stlth   +            (no ring)
HPRegen 0.24/turn    (no ring)
MPRegen 0.08/turn

%: no passive effects
@: no status effects
A: no striking features
a: Renounce Religion, Fiery Armour, Foxfire Swarm, Rising Flame


You were on level 1 of the Dungeon.
You worshipped Ignis.
Ignis was extremely pleased with you.
You visited 1 branch of the dungeon, and saw 1 of its levels.

You collected 17 gold pieces.

Inventory:

Hand Weapons
 a - a -1 falchion of flaming
 d - a +2 dagger of electrocution (weapon)
Armour
 b - a +0 robe (worn)
Scrolls
 c - a scroll of teleportation {unknown}


   Skills:
 + Level 3.1 Fighting
 + Level 3.2 Long Blades
 + Level 1.0 Spellcasting
 + Level 3.1 Fire Magic


You had 3 spell levels left.
You didn't know any spells.
Your spell library contained the following spells:

 Spells                   Type           Power      Damage    Failure   Level
 Scorch                   Fire           18%        2d6       11%         2
 Sting                    Tmut/Pois      0%         1d3       26%         1
 Poisonous Vapours        Pois/Air       0%         N/A       36%         2
 Stone Arrow              Conj/Erth      0%         3d7       61%         3
 Animate Armour           Summ/Erth      0%         N/A       95%         4
 Olgreb's Toxic Radiance  Pois           0%         N/A       95%         4
 Lehudib's Crystal Spear  Conj/Erth      0%         10d2      100%        8


Dungeon Overview and Level Annotations

Branches:
Dungeon (1/15)

Altars:


Message History

You have reached level 2!
A dart slug comes into view.
Found a runed scarf.
A giant cockroach comes into view.
A gnoll comes into view. It is wielding a +0 spear.
The dart slug moves out of view.
The giant cockroach misses you.
You hit the giant cockroach but do no damage.
Your punch misses the giant cockroach.
The giant cockroach bites you but does no damage.
The giant cockroach bites you.
You closely miss the giant cockroach. The giant cockroach closely misses you.
You barely miss the giant cockroach. The giant cockroach barely misses you.
You barely miss the giant cockroach. Your punch misses the giant cockroach.
The giant cockroach closely misses you.
The gnoll hits you from afar with a +0 spear.
You hit the giant cockroach.
The giant cockroach is moderately wounded.
The giant cockroach bites you but does no damage.
You hit the giant cockroach.
Lightning courses through the giant cockroach!!
You kill the giant cockroach!
The gnoll hits you from afar with a +0 spear.
The gnoll hits you from afar with a +0 spear!
You hit the dart slug.
The dart slug is lightly wounded.
The gnoll closely misses you.
You hit the dart slug.
The dart slug is moderately wounded.
The gnoll closely misses you. The dart slug bites you.
You hit the dart slug but do no damage.
The dart slug is moderately wounded.
The gnoll barely misses you. The dart slug launches a dart at you.
The slug dart misses you.
You hit the dart slug but do no damage.
Lightning courses through the dart slug!
You kill the dart slug!
The gnoll hits you from afar with a +0 spear!
You die...

.. w# # g.
..# .# .. ##
.# ##[#)##.#
#.....#.#
....###@.g#
. ##.###
######.).##
.........#.#
####
.########.##
#..## #.###
#...# #...#
#...## #...#
#...## #.†>#
#...#8


You could see a gnoll.

Vanquished Creatures
  A dart slug (D:1)
  A giant cockroach (D:1)
  A goblin (D:1)
  A hobgoblin (D:1)
  A kobold (D:1)
  A frilled lizard (D:1)
  3 rats (D:1)
9 creatures vanquished.

Notes
Turn   | Place    | Note
-------+----------+-------------------------------------------
     0 | D:1      | ManwhosaysNo the Human Cinder Acolyte began the quest for
                  | the Orb.
     0 | D:1      | Reached XP level 1. HP: 18/18 MP: 2/2
    62 | D:1      | Reached XP level 2. HP: 24/24 MP: 3/3
    77 | D:1      | Slain by a gnoll

Illustrated notes

Levels and vault maps discovered:
D:1:      erik_arrival_orb_chamber, layout_loops_ring, minmay_tall_x

Action                     || total
---------------------------++-------
  Melee: Dagger            ||    16
         Falchion          ||     2
   Stab: Sleeping          ||     1
 Armour: Robe              ||     2
  Dodge: Dodged            ||    12
